 Dungeon Crawl Stone Soup version 0.30-a0-857-gcaf70739d4 (webtiles) character file.

Game seed: 16863308431866252369

1453489 Lobster4 the Englaciator (level 27, 230/230 HPs)
             Began as a Merfolk Ice Elementalist on Mar 4, 2023.
             Was an Elder of Okawaru.
             Escaped with the Orb
             ... and 3 runes on Mar 5, 2023!
             The game lasted 07:29:09 (99034 turns).

Lobster4 the Englaciator (MfIE)                    Turns: 99034, Time: 07:29:09

Health: 230/230    AC: 35    Str: 14    XL:     27
Magic:  41/41      EV: 28    Int: 22    God:    Okawaru [****..]
Gold:   7603       SH: 16    Dex: 31    Spells: 9/52 levels left

rFire   + + +      SeeInvis +    a - +10 double sword "Death Rattle" {flame, Int+2 Dex+2}
rCold   + . .      Faith    .    L - +3 buckler {AC+3}
rNeg    + . .      Spirit   .    V - +8 fire dragon scales
rPois   +          Reflect  +    (helmet restricted)
rElec   +          Rampage  .    J - +2 cloak {Will+}
rCorr   +                        Z - +2 pair of gloves "Kudoll" {rElec rC+ rN+}
Will    +++++                    y - +1 pair of boots of Eternity {Will+ rCorr Int+8 Dex-3}
Stlth   ++                       t - amulet of the Chupacabra {Reflect Will+ SH+5}
HPRegen 0.58/turn                l - ring of the Ladybird {rC+ MP+9 AC+4 Dex+2}
MPRegen 0.27/turn                q - ring of Daepsyt {rElec rF+ Dex+5 SInv Stlth+}

@: no status effects
A: (nimble swimmer 2), mertail, antennae 1, agile 1, deterioration 1, dopey 1,
low MP 2, strong-willed 2, poison resistance, no potion heal 1
0: Orb of Zot
}: 3/15 runes: decaying, silver, gossamer
a: Renounce Religion, Heroism, Finesse


You escaped.
You worshipped Okawaru.
Okawaru was greatly pleased with you.
You visited 11 branches of the dungeon, and saw 51 of its levels.
You visited 2 bazaars.
You also visited: Bailey, Gauntlet and Ice Cave.

You collected 10466 gold pieces.
You spent 2863 gold pieces at shops.

Inventory:

Hand Weapons
 a - the +10 double sword "Death Rattle" (weapon) {flame, Int+2 Dex+2}
   (You found it on level 11 of the Dungeon)

   Int:       It affects your intelligence (+2).
   Dex:       It affects your dexterity (+2).
 b - a +4 demon trident of freezing
Missiles
 m - 83 poisoned darts
 C - 19 silver javelins
 U - 23 curare-tipped darts
 X - 46 javelins (quivered)
Armour
 y - the +1 pair of boots of Eternity (worn) {Will+ rCorr Int+8 Dex-3}
   (You found it on level 4 of the Dungeon)

   Int:       It affects your intelligence (+8).
   Dex:       It affects your dexterity (-3).
   rCorr:     It protects you from acid and corrosion.
   Will:      It increases your willpower.
 J - a +2 cloak of willpower (worn)
 L - a +3 buckler of protection (worn)
 S - the +1 helmet of Optimism {+Blink SInv}
   (Okawaru gifted it to you on level 2 of the Spider Nest)

   SInv:      It lets you see invisible.
   +Blink:    It lets you blink.
 V - +8 fire dragon scales (worn)
 Z - the +2 pair of gloves "Kudoll" (worn) {rElec rC+ rN+}
   (Okawaru gifted it to you on level 4 of the Swamp)

   rC:        It protects you from cold.
   rElec:     It insulates you from electricity.
   rN:        It protects you from negative energy.
Jewellery
 c - the ring of the Tempest {rElec rPois Str+2 Stlth+}
   (You found it on level 14 of the Dungeon)

   [ring of poison resistance]

   Str:       It affects your strength (+2).
   rElec:     It insulates you from electricity.
   rPois:     It protects you from poison.
   Stlth:     It makes you more stealthy.
 l - the ring of the Ladybird (left hand) {rC+ MP+9 AC+4 Dex+2}
   (You found it in a Gauntlet)

   [ring of protection]

   AC:        It affects your AC (+4).
   Dex:       It affects your dexterity (+2).
   rC:        It protects you from cold.
   MP:        It affects your magic capacity (+9).
 q - the ring of Daepsyt (right hand) {rElec rF+ Dex+5 SInv Stlth+}
   (You found it in an ice cave)

   [ring of protection from fire]

   Dex:       It affects your dexterity (+5).
   rF:        It protects you from fire.
   rElec:     It insulates you from electricity.
   SInv:      It lets you see invisible.
   Stlth:     It makes you more stealthy.
 t - the amulet of the Chupacabra (around neck) {Reflect Will+ SH+5}
   (You acquired it on level 3 of the Swamp)

   [amulet of reflection]

   It reflects blocked missile attacks.
   SH:        It affects your SH (+5).
   Will:      It increases your willpower.
 D - the ring of Megalomania {rF+ rN+ Str+3 SInv}
   (You found it on level 3 of the Crypt)

   [ring of positive energy]

   Str:       It affects your strength (+3).
   rF:        It protects you from fire.
   rN:        It protects you from negative energy.
   SInv:      It lets you see invisible.
Wands
 g - a wand of flame (26)
 w - a wand of roots (26)
 F - a wand of acid (5)
 H - a wand of digging (3)
 M - a wand of paralysis (53)
 T - a wand of mindburst (38)
Scrolls
 e - a scroll of enchant weapon
 h - 3 scrolls of magic mapping
 j - 2 scrolls of brand weapon
 k - 5 scrolls of fog
 r - 16 scrolls of immolation
 z - 6 scrolls of teleportation
 B - 2 scrolls of blinking
 E - 7 scrolls of fear
 G - 5 scrolls of silence
 Q - 3 scrolls of poison
Potions
 d - 10 potions of lignification
 f - 8 potions of haste
 i - a potion of mutation
 n - 4 potions of heal wounds
 o - 9 potions of flight
 p - 6 potions of ambrosia
 s - 29 potions of curing
 u - 3 potions of might
 v - 4 potions of brilliance
 A - 10 potions of resistance
 I - 2 potions of cancellation
 N - 4 potions of invisibility
 P - 2 potions of berserk rage
 Y - a potion of magic
Miscellaneous
 K - a tin of tremorstones (inert)
 O - a condenser vane
 R - a lightning rod (4/4)
 W - a phial of floods


   Skills:
 + Level 21.7 Fighting
 - Level 17.0 Long Blades
 - Level 10.0 Polearms
 - Level 1.0 Ranged Weapons
 - Level 6.0 Throwing
 - Level 10.0 Armour
 + Level 22.4 Dodging
 - Level 9.0 Stealth
 - Level 8.0 Shields
 - Level 13.0 Spellcasting
 - Level 10.0 Conjurations
 - Level 3.0 Hexes
 - Level 8.0 Transmutations
 O Level 27 Ice Magic
 - Level 9.0 Air Magic
 - Level 4.0 Earth Magic
 - Level 12.0 Poison Magic
 - Level 15.0 Invocations
 - Level 6.0 Evocations


You had 9 spell levels left.
You knew the following spells:

 Your Spells              Type           Power      Damage    Failure   Level
a - Freeze                Ice            100%       1d10      0%          1
b - Frozen Ramparts       Ice            100%       1d16      0%          3
c - Ozocubu's Armour      Ice            93%        N/A       0%          3
d - Beastly Appendage     Tmut           98%        N/A       1%          1
e - Wereblood             Tmut           49%        N/A       1%          2
f - Shock                 Conj/Air       100%       1d9       1%          1
g - Poisonous Vapours     Pois/Air       100%       N/A       1%          2
h - Mephitic Cloud        Conj/Pois/Air  56%        N/A       1%          3
i - Freezing Cloud        Conj/Ice/Air   34%        6-21      1%          5
j - Hailstorm             Conj/Ice       77%        3d16      1%          3
k - Metabolic Englaciati  Hex/Ice        34%        N/A       1%          5
l - Stone Arrow           Conj/Erth      90%        3d12      3%          3
p - Olgreb's Toxic Radia  Pois           61%        N/A       1%          4
r - Ozocubu's Refrigerat  Ice            46%        4d17      1%          7

Your spell library contained the following spells:

 Spells                   Type           Power      Damage    Failure   Level
 Magic Dart               Conj           100%       1d8       1%          1
 Sting                    Tmut/Pois      100%       1d8       1%          1
 Cigotuvi's Dreadful Rot  Necr/Pois/Air  90%        N/A       1%          2
 Ensorcelled Hibernation  Hex/Ice        100%       N/A       1%          2
 Searing Ray              Conj           100%       2d8       1%          2
 Spider Form              Tmut/Pois      55%        N/A       1%          3
 Swiftness                Air            52%        N/A       1%          3
 Ice Form                 Ice/Tmut       74%        N/A       1%          4
 Foxfire                  Conj/Fire      100%       2x1d9     3%          1
 Kiss of Death            Conj/Necr      100%       2d13      3%          1
 Passwall                 Tmut/Erth      33%        N/A       3%          2
 Sandblast                Erth           62%        2d14      4%          1
 Dazzling Flash           Conj/Hex       84%        N/A       4%          3
 Ignite Poison            Fire/Tmut/Pois 43%        N/A       4%          3
 Airstrike                Air            26%        2d(4-20)  5%          4
 Slow                     Hex            100%       N/A       7%          1
 Vhi's Electric Charge    Tloc/Air       68%        N/A       11%         3
 Alistair's Intoxication  Tmut/Pois      36%        N/A       11%         5
 Lightning Bolt           Conj/Air       27%        1d43      13%         5
 Fulminant Prism          Conj/Hex       21%        3d12      16%         4
 Irradiate                Conj/Tmut      26%        3d20      16%         5
 Petrify                  Tmut/Erth      40%        N/A       19%         4
 Kindle Blastsparks       Fire/Tloc/Air  54%        2d14      21%         3
 Apportation              Tloc           28%        N/A       22%         1
 Flame Wave               Conj/Fire      36%        2d10      28%         4
 Iskenderun's Mystic Bla  Conj/Tloc      36%        2d9       28%         4
 Sticky Flame             Conj/Fire      36%        2d6       28%         4
 Lesser Beckoning         Tloc           28%        N/A       34%         2
 Scorch                   Fire           28%        2d6       34%         2
 Sublimation of Blood     Necr           14%        N/A       34%         2
 Inner Flame              Hex/Fire       20%        N/A       36%         3
 Portal Projectile        Hex/Tloc       40%        N/A       36%         3
 Leda's Liquefaction      Hex/Erth       14%        N/A       47%         4
 Silence                  Hex/Air        20%        N/A       47%         5
 Eringya's Noxious Bog    Tmut/Pois      27%        N/A       50%         6
 Cause Fear               Hex            13%        N/A       54%         4
 Yara's Violent Unravell  Hex/Tmut       19%        3d9       54%         5
 Gell's Gravitas          Tloc           14%        N/A       56%         3
 Teleport Other           Tloc           14%        N/A       56%         3
 Fireball                 Conj/Fire      18%        3d9       63%         5
 Anguish                  Hex/Necr       10%        N/A       77%         4
 Lee's Rapid Deconstruct  Erth           15%        3d10*     77%         5
 Iron Shot                Conj/Erth      22%        9d5       89%         6
 Dispel Undead            Necr           14%        3d10      92%         4
 Manifold Assault         Tloc           14%        N/A       92%         4
 Passage of Golubria      Tloc           14%        N/A       92%         4
 Borgnjor's Vile Clutch   Necr/Erth      11%        N/A       95%         5
 Statue Form              Tmut/Erth      26%        N/A       96%         6
 Orb of Destruction       Conj           27%        9d9       97%         7
 Agony                    Necr           14%        N/A       99%         5
 Starburst                Conj/Fire      18%        6d7       99%         6
 Storm Form               Tmut/Air       25%        N/A       99%         7
 Dragon Form              Tmut           24%        N/A       100%        7
 Enfeeble                 Hex            13%        N/A       100%        7
 Disjunction              Tloc           7%         N/A       100%        8
 Ignition                 Fire           7%         3d4       100%        8
 Lehudib's Crystal Spear  Conj/Erth      22%        10d6      100%        8
 Maxwell's Capacitive Co  Air            26%        ∞         100%        8
 Chain Lightning          Conj/Air       27%        3d36      100%        9
 Fire Storm               Conj/Fire      18%        8d5       100%        9
 Shatter                  Erth           15%        3d15*     100%        9
 Summon Ice Beast         Ice/Summ       Unusable   N/A       N/A         4
 Simulacrum               Ice/Necr       Unusable   N/A       N/A         6
 Summon Small Mammal      Summ           Unusable   N/A       N/A         1
 Summon Lightning Spire   Summ/Air       Unusable   N/A       N/A         4
 Summon Guardian Golem    Hex/Summ       Unusable   N/A       N/A         3
 Call Canine Familiar     Summ           Unusable   N/A       N/A         3
 Death Channel            Necr           Unusable   N/A       N/A         6
 Summon Cactus Giant      Summ           Unusable   N/A       N/A         6
 Malign Gateway           Summ/Tloc      Unusable   N/A       N/A         7
 Spellforged Servitor     Conj/Summ      Unusable   N/A       N/A         7
 Dragon's Call            Summ           Unusable   N/A       N/A         9

Dungeon Overview and Level Annotations

Branches:
Dungeon (15/15)            Temple (1/1) D:6            Lair (5/5) D:11
  Swamp (4/4) Lair:2       Spider (4/4) Lair:3        Slime (0/5) Lair:4
    Orc (2/2) D:11            Elf (3/3) Orc:2        Vaults (5/5) D:13
  Crypt (3/3) Vaults:2       Tomb (0/3) Crypt:3      Depths (4/4) D:15
    Zot (5/5) Depths:4     Bailey (visited)           IceCv (visited)
Gauntlet (visited)

Altars:
Ashenzari
Cheibriados
Dithmenos
Elyvilon
Fedhas
Gozag
Hepliaklqana
Kikubaaqudgha
Makhleb
Nemelex Xobeh
Okawaru
Qazlal
Ru
Sif Muna
Trog
Uskayaw
Vehumet
Wu Jian
Xom
Yredelemnul
Zin
The Shining One
Jiyva

Shops:
D:5 *   D:7 *   D:11 [   D:13 **?(   Orc:1 :   Orc:2 [[[([   Elf:2 [
Vaults:1 [=[[=

Portals:
Hell: Lair:5 Depths:1 Depths:2 Depths:3 Depths:4
Abyss: Depths:3 Depths:4
Pandemonium: Depths:1 Depths:2 Depths:4
Ziggurat: Depths:2

Annotations:
Crypt:2 2 transporters
Depths:2 3 runed translucent doors, Doumn's ghost, veteran GnFi


Innate Abilities, Weirdness & Mutations

((You are very nimble when in or above water. (Stealth+, EV+, Speed+++)))
Your lower body shifts to a powerful aquatic tail in water.
You have a pair of small antennae on your head.
You are agile. (Dex +4, Str/Int -1)
Your body sometimes deteriorates upon taking damage.
You are dopey. (Int -2)
Your magical capacity is very low. (-20% MP)
You are highly strong-willed. (Will++)
Your system is resistant to poisons. (rPois)
Potions are less effective at restoring your health.


Message History

You block the hell hound's attack. The hell hound completely misses you.
A mysterious force pulls you upwards. The hatch slams shut behind you.
You slice the hell hound!!
The hell hound is heavily wounded.
The hell hound breathes flames at you.
The blast of flame hits you but does no damage.
You block the hell hound's attack.
You closely miss the hell hound.
The hell hound is heavily wounded.
The hell hound barely misses you. You block the hell hound's attack.
You slice the hell hound!!
You kill the hell hound!
Okawaru accepts your kill. You block the hell hound's attack.
You block the hell hound's attack.
You see here a hell hound corpse.
You slice the hell hound!!
You kill the hell hound!
Okawaru accepts your kill.
You see here a hell hound corpse.
You see here a hell hound corpse.
There is a stone staircase leading up here.
You climb upwards.
There is a stone staircase leading down here.
There is a stone staircase leading up here.
You climb upwards.
There is a stone staircase leading down here.
A Tzitzimitl comes into view.
You feel yourself speed up.
There is a stone staircase leading up here.
You climb upwards.
There is a stone staircase leading down here.
You see here a +0 dagger.
Your legs become a tail as you enter the water.
The +1 pair of boots of Eternity {Will+ rCorr Int+8 Dex-3} melds into your body.
The +1 pair of boots of Eternity {Will+ rCorr Int+8 Dex-3} unmelds from your body.
Your extra speed is starting to run out.
You feel yourself slow down.
There is a staircase leading out of the dungeon here.
You have escaped!

...# ♣♣♣~≈~≈≈≈≈≈≈≈♣♣ ...#
♣...~≈~~≈≈≈≈♣♣ (..#
♣.....♣..~~≈≈♣ ...#
♣....♣....~≈≈♣# ...#
♣♣....♣...♣≈≈≈# ...#
♣....♣...♣♣♣≈≈# ...#
♣.....♣.♣.♣♣♣≈# #..#
♣.........♣ ♣♣#### #..#
♣>..♣...♣@♣ #.)# ...#
♣♣♣♣♣♣♣♣♣♣♣ #..#
#..###################..#
#.......................#
#...###########.........#
#.#..## #.........#
..##..###################
..##.........#
..##.........#


There were no monsters in sight!

Vanquished Creatures
  2 dread liches
  8 orbs of fire
  Mara (Vaults:2)
  6 ancient liches
  Boris (twice) (Vaults:2 Crypt:3)
  Sojobo (Vaults:2)
  Vv (Crypt:2)
  6 Killer Klowns
  Saint Roka (Elf:3)
  Xtahua (Depths:4)
  A curse toe (Zot:2)
  the Lernaean hydra (Swamp:4)
  6 golden dragons
  Jory (Vaults:4)
  A profane servitor (Crypt:3)
  2 bone dragons
  2 doom hounds (Depths:2)
  A shard shrike zombie (Crypt:2)
  4 electric golems
  19 tentacled monstrosities
  6 liches
  6 deep elf blademasters
  Zenata (Elf:1)
  26 Orb Guardians
  3 titans
  Grunn (Depths:2)
  2 deep elf master archers (Elf:3)
  7 quicksilver dragons
  9 ancient champions
  9 tengu reavers
  9 death cobs
  The ghost of petzl the Thaumaturge, an adept FoDe of Vehumet (Swamp:2)
  4 sphinxes
  17 shadow dragons
  18 storm dragons
  5 draconian monks
  6 revenants
  4 azure jellies (Lair:4)
  7 fire giants
  4 deep elf sorcerers (Elf:3)
  The ghost of Luivetop the Marksdemigod, a journeyman DgIE (Spider:2)
  3 emperor scorpions
  10 draconian knights
  3 deep elf elementalists (Elf:3)
  8 ghost moths
  Louise (Depths:4)
  2 spectral caustic shrikes (Depths:4)
  18 vault wardens
  10 draconian scorchers
  2 iron dragons
  Aizul (Vaults:2)
  3 curse skulls
  10 frost giants
  8 draconian stormcallers
  4 orc warlords
  5 ghouls
  6 draconian shifters
  2 spriggan defenders (Depths:4)
  A cacodemon (Depths:4)
  19 stone giants
  A caustic shrike skeleton (Crypt:3)
  5 vampire knights
  18 ironbound preservers
  A juggernaut skeleton (Crypt:3)
  9 draconian annihilators
  6 ironbound thunderhulks
  A war gargoyle (Vaults:2)
  46 very ugly things
  5 broodmothers
  13 green draconians
  7 deep elf demonologists
  5 eleionomae
  A rockslime zombie (Crypt:3)
  12 purple draconians
  12 yellow draconians
  A dire elephant (shapeshifter) (Vaults:5)
  16 dire elephants
  7 bunyips
  11 deep elf annihilators
  7 red draconians
  5 black draconians
  A minotaur (Gauntlet)
  4 spark wasps
  20 white draconians
  3 eidola
  A green death (D:14)
  13 ettins
  6 fire dragons
  7 deep elf death magi
  2 crystal guardians (Vaults:2)
  11 deep elf high priests
  14 jiangshi
  Fannar (Lair:2)
  3 mummy priests
  Josephine (Spider:1)
  A shambling mangrove (Swamp:2)
  17 yaktaur captains
  7 great orbs of eyes
  11 entropy weavers
  5 ice dragons
  A ghost crab (Swamp:4)
  20 hydras
  Erolcha (D:13)
  4 peacekeepers
  3 catoblepae
  An ogre mage (Vaults:4)
  37 vault guards
  2 jorogumos
  3 ironbound frosthearts
  2 rakshasas (Depths:1)
  The ghost of Airmonger the Grappler, a novice TrFi of Cheibriados (D:9)
  6 radroaches
  18 centaur warriors
  2 death knights (Vaults:2)
  35 dancing weapons
  A spriggan skeleton (Depths:3)
  21 boulder beetles
  14 alligators
  4 tengu warriors
  4 deep troll shamans
  A two-headed ogre (D:9)
  2 orc high priests (Orc:1)
  7 spriggan berserkers
  8 deep troll earth magi
  8 vampire magi
  A storm dragon zombie (Crypt:2)
  8 death yaks
  2 soul eaters
  Urug (Orc:2)
  Sonja (Lair:5)
  2 sun demons
  A skyshark (Lair:5)
  14 deep elf knights
  A titan skeleton (Depths:3)
  21 skeletal warriors
  3 pharaoh ants
  6 hell knights (Depths:4)
  7 iron trolls
  3 shadow wraiths
  A death drake (Swamp:3)
  3 spriggan druids
  54 deep trolls
  5 sixfirhies
  8 orb spiders
  5 goliath frogs
  11 swamp dragons
  16 deep elf archers
  2 flayed ghosts
  3 sun moths
  A ghost moth zombie (Crypt:3)
  2 shadow demons
  7 bog bodies
  12 steelbarb worms
  A glowing orange brain (Vaults:1)
  10 wizards
  An obsidian statue (D:13)
  An orange crystal statue (IceCv)
  3 spriggan simulacra
  4 lindwurms
  A bunyip skeleton (Crypt:1)
  An anaconda skeleton (Crypt:3)
  7 spectral spriggans (Swamp:1)
  22 ironbound convokers
  A lindwurm (shapeshifter) (Depths:4)
  8 orc knights
  12 phantasmal warriors
  3 necromancers
  27 deep elf pyromancers
  4 harpies (D:15)
  An oklob plant (D:11)
  21 deep elf zephyrmancers
  11 wolf spiders
  4 cyclopes
  7 orc sorcerers
  29 moths of wrath
  A salamander (shapeshifter) (Vaults:4)
  A manticore (shapeshifter) (Vaults:4)
  10 will-o-the-wisps
  3 manticores
  A moth of wrath (shapeshifter) (Vaults:5)
  46 ugly things
  23 vault sentinels
  12 elephants
  A spectral iron troll (Crypt:3)
  6 black mambas
  A fire giant skeleton (Crypt:1)
  A smoke demon (Lair:5)
  8 demonic crawlers
  5 storm dragon simulacra (IceCv)
  4 gargoyles
  A molten gargoyle (Gauntlet)
  An unseen horror (D:11)
  A naga skeleton (Crypt:3)
  4 cane toads
  3 orange demons
  A human zombie (Vaults:1)
  A swamp worm zombie (Crypt:3)
  11 komodo dragons
  30 yaktaurs
  A spectral unseen horror (D:9)
  7 torpor snails
  4 rime drakes (Lair:5)
  An efreet (D:14)
  8 freezing wraiths
  3 tengu conjurers
  3 ice devils (Lair:5)
  11 guardian mummies
  A hydra zombie (Crypt:1)
  3 hellwings
  8 golden dragon simulacra
  4 spectral deep trolls (Crypt:3)
  A red devil (Lair:5)
  5 trolls
  2 bloated husks
  12 meliai
  2 polar bears
  21 hornets
  A shadow dragon simulacrum (Depths:3)
  A sphinx simulacrum (Vaults:1)
  12 tyrant leeches
  A raiju (shapeshifter) (D:13)
  A radroach zombie (Crypt:2)
  22 tarantellas
  A dream sheep (shapeshifter) (Depths:3)
  Grinder (D:3)
  28 blink frogs
  14 slime creatures
  20 dream sheep
  An ice dragon skeleton (Crypt:3)
  A human simulacrum (Vaults:1)
  18 jumping spiders
  4 flying skulls (Crypt:2)
  A satyr skeleton (Crypt:3)
  Sigmund (D:3)
  A slime creature (shapeshifter) (Vaults:4)
  15 culicivoras
  3 shadows
  2 centaur simulacra
  A wyvern (Lair:3)
  17 spriggans
  A jumping spider (shapeshifter) (Spider:1)
  2 air elementals
  3 dire elephant simulacra (Spider:3)
  14 water elementals
  14 wraiths
  A fire bat (shapeshifter) (Depths:2)
  4 vampires
  48 yaks
  11 humans
  An unseen horror simulacrum (D:9)
  6 fire elementals
  A human (shapeshifter) (Vaults:5)
  3 ushabtiu (Crypt:3)
  9 vampire mosquitoes
  67 redbacks
  3 wargs
  A minotaur simulacrum (Spider:3)
  20 swamp worms
  2 water nymph zombies
  5 hell hounds
  2 faun skeletons
  13 water moccasins
  Duvessa (D:5)
  2 floating eyes
  A dream sheep zombie (Crypt:1)
  4 ice dragon simulacra (IceCv)
  37 orc warriors
  2 ice beasts
  A sky beast (D:7)
  15 swamp drakes
  8 ogres
  9 wolves
  11 centaurs
  A phantom (D:11)
  A snapping turtle skeleton (Crypt:1)
  A rime drake skeleton (Crypt:1)
  9 bullfrogs
  7 kobold brigands
  2 earth elementals
  A gnoll sergeant (D:6)
  3 scorpions
  A deep troll simulacrum (Spider:3)
  Dowan (D:5)
  6 wights
  12 killer bees
  2 troll zombies (D:11)
  6 lindwurm simulacra
  A raiju skeleton (Crypt:1)
  A raiju zombie (Crypt:1)
  2 howler monkeys
  A jelly (D:5)
  2 hounds (D:5)
  Crazy Yiuf (D:7)
  19 orc priests
  2 gnoll boudas
  A boggart zombie (Crypt:3)
  42 orc wizards
  A sleepcap (D:8)
  6 ogre zombies (D:11)
  A sky beast zombie (Crypt:1)
  An acid dragon skeleton (Crypt:1)
  A hound zombie (Crypt:3)
  4 mummies (Crypt:2)
  24 gnolls
  A steam dragon zombie (Crypt:1)
  12 adders
  A shadow imp (D:6)
  A howler monkey simulacrum (D:9)
  A worm (D:4)
  4 dart slugs
  91 orcs
  A bat skeleton (Crypt:2)
  5 endoplasms
  3 giant cockroaches
  A gnoll zombie (Crypt:2)
  19 goblins
  10 hobgoblins
  3 quokkas
  7 ball pythons
  A bat (D:3)
  2 frilled lizards
  A gnoll skeleton (Crypt:2)
  A goblin skeleton (D:11)
  3 goblin zombies (D:11)
  A hobgoblin skeleton (D:11)
  2 hobgoblin zombies (D:11)
  48 kobolds
  2 orc skeletons (D:11)
  16 orc zombies (D:11)
  4 rats
  A butterfly (Lair:4)
2399 creatures vanquished.

Vanquished Creatures (others)
  A golden dragon (Zot:1)
  A fire giant (Depths:1)
  2 draconian knights
  A draconian scorcher (Zot:5)
  A deep elf knight (Elf:2)
  A deep elf archer (Elf:2)
  A wizard (Depths:2)
  An orc sorcerer (Orc:2)
  A deep elf pyromancer (Elf:2)
  A moth of wrath (Zot:1)
  A will-o-the-wisp (Swamp:4)
  4 bloated husks
  A water elemental (D:14)
  A human (D:13)
  2 electric eels (D:14)
  2 orc wizards (Orc:2)
  2 orcs (Orc:1)
  3 demonic plants (Gauntlet)
  51 foxfires
  20 fungi
  58 plants
  7 withered plants (D:9)
163 creatures vanquished.

Grand Total: 2562 creatures vanquished

Notes
Turn   | Place    | Note
-------+----------+-------------------------------------------
     0 | D:1      | Lobster4 the Merfolk Ice Elementalist began the quest for
                  | the Orb.
     0 | D:1      | Reached XP level 1. HP: 13/13 MP: 3/3
   115 | D:1      | Reached XP level 2. HP: 17/20 MP: 5/5
   337 | D:1      | Reached XP level 3. HP: 21/25 MP: 6/6
   428 | D:2      | Reached skill level 1 in Polearms
   577 | D:2      | Reached skill level 1 in Fighting
   647 | D:2      | Reached XP level 4. HP: 26/32 MP: 7/7
   975 | D:3      | Reached skill level 1 in Armour
   975 | D:3      | Reached XP level 5. HP: 23/37 MP: 8/8
  1001 | D:3      | Noticed Sigmund
  1126 | D:3      | Found a white marble altar of Elyvilon.
  1188 | D:3      | Found a basalt altar of Yredelemnul.
  1221 | D:3      | Reached skill level 5 in Ice Magic
  1229 | D:3      | Learned a level 3 spell: Frozen Ramparts
  1233 | D:3      | Learned a level 3 spell: Ozocubu's Armour
  1257 | D:3      | Noticed Grinder
  1685 | D:4      | Identified the +1 pair of boots of Eternity {Will+ rCorr
                  | Int+8 Dex-3}
  1798 | D:4      | Reached XP level 6. HP: 44/44 MP: 10/10
  2134 | D:5      | Entered Level 5 of the Dungeon
  2144 | D:4      | Reached skill level 1 in Throwing
  2173 | D:5      | Reached skill level 1 in Evocations
  2173 | D:5      | Reached XP level 7. HP: 49/51 MP: 7/11
  2234 | D:5      | Found Qun Xarph's Overcharged Wands.
  2467 | D:5      | Found a shimmering altar of Xom.
  2600 | D:5      | Noticed Duvessa
  2623 | D:5      | Killed Duvessa
  2626 | D:5      | Noticed Dowan
  2637 | D:5      | Killed Dowan
  3074 | D:5      | Learned a level 1 spell: Beastly Appendage
  3152 | D:5      | Reached skill level 5 in Dodging
  3152 | D:5      | Reached XP level 8. HP: 55/58 MP: 9/13
  3286 | D:6      | Found a staircase to the Ecumenical Temple.
  3472 | Temple   | Entered the Ecumenical Temple
  3479 | Temple   | Became a worshipper of Warmaster Okawaru
  3513 | D:6      | Reached skill level 1 in Transmutations
  3717 | D:6      | Reached skill level 1 in Invocations
  3719 | D:6      | Reached skill level 6 in Ice Magic
  4430 | D:6      | Learned a level 2 spell: Wereblood
  4469 | D:7      | Found a flagged portal.
  4576 | Bailey   | Entered a bailey
  4619 | Bailey   | Noticed an orc warlord
  4850 | Bailey   | Reached * piety under Okawaru
  4889 | Bailey   | Reached XP level 9. HP: 58/65 MP: 13/15
  4957 | Bailey   | Found a runed translucent gate.
  4957 | Bailey   | Found a runed translucent gate.
  4980 | Bailey   | Found a runed translucent gate.
  5099 | Bailey   | Killed an orc warlord
  5100 | Bailey   | Reached skill level 5 in Polearms
  5313 | D:7      | Found Deasenit's Assorted Antiques.
  5453 | D:7      | Bought a scroll labelled XOSYD PUAMAD for 30 gold pieces
  5485 | D:7      | Reached skill level 7 in Ice Magic
  5488 | D:7      | Reached ** piety under Okawaru
  5492 | D:7      | Reached XP level 10. HP: 67/73 MP: 8/17
  5505 | D:7      | Reached skill level 5 in Fighting
  5687 | D:7      | Found a runed translucent door.
  5688 | D:7      | Noticed Crazy Yiuf
  5905 | D:7      | Killed Crazy Yiuf
  6083 | D:8      | Found a broken altar of Ashenzari.
  6339 | D:8      | Reached skill level 5 in Spellcasting
  6390 | D:8      | Found a blossoming altar of Fedhas.
  6424 | D:8      | Found a radiant altar of Vehumet.
  6437 | D:8      | Reached skill level 5 in Transmutations
  6566 | D:8      | Noticed a gargoyle
  6793 | D:8      | Learned a level 1 spell: Shock
  7226 | D:9      | Noticed a two-headed ogre
  7235 | D:9      | Reached skill level 1 in Ranged Weapons
  7236 | D:9      | Reached *** piety under Okawaru
  7261 | D:9      | Killed a two-headed ogre
  7262 | D:9      | Reached skill level 1 in Conjurations
  7262 | D:9      | Reached skill level 1 in Air Magic
  7377 | D:9      | Found a large runed translucent door.
  7377 | D:9      | Found a large runed translucent door.
  7379 | D:9      | Noticed Airmonger's ghost (novice TrFi)
  7523 | D:9      | Reached **** piety under Okawaru
  7539 | D:9      | Reached XP level 11. HP: 58/81 MP: 6/19
  7741 | D:9      | Found an opulent altar of Gozag.
  7878 | D:9      | Found a glowing silver altar of Zin.
  7879 | D:9      | Found a snail-covered altar of Cheibriados.
  7905 | D:9      | Reached skill level 8 in Ice Magic
  8183 | D:9      | Noticed a skeletal warrior
  8435 | D:10     | Entered Level 10 of the Dungeon
  8784 | D:10     | Paralysed by a hornet for 2 turns
  8931 | D:10     | Found a stormy altar of Qazlal.
  8961 | D:10     | Reached ***** piety under Okawaru
  8974 | D:10     | Received a gift from Okawaru
  9826 | D:11     | Noticed a cyclops
  9848 | D:11     | Killed a cyclops
  9903 | D:11     | Found a staircase to the Orcish Mines.
 10281 | D:11     | Noticed a cyclops
 10295 | D:11     | Killed a cyclops
 10351 | D:11     | Found Kastai's Antique Armour Boutique.
 10519 | D:11     | Noticed a boulder beetle
 10529 | D:11     | Killed a boulder beetle
 10558 | D:11     | Identified the +10 whip of Uskayaw's Reproof {speed, rF+}
 10603 | D:11     | Found a staircase to the Lair.
 10608 | D:11     | Noticed an oklob plant
 10740 | D:11     | Identified the +10 double sword "Death Rattle" {flame,
                  | Int+2 Dex+2}
 10888 | D:11     | Killed an oklob plant
 10888 | D:11     | Identified the +0 pair of boots of the Gloaming {Int+2}
                  | (Okawaru gifted it to you on level 11 of the Dungeon)
 10888 | D:11     | Received a gift from Okawaru
 11142 | D:3      | Killed Grinder
 11151 | D:3      | Reached skill level 5 in Armour
 11151 | D:3      | Reached skill level 9 in Ice Magic
 11151 | D:3      | Reached XP level 12. HP: 90/92 MP: 16/22
 11394 | D:3      | Killed Sigmund
 11395 | D:3      | Reached skill level 5 in Invocations
 11469 | D:3      | Found a white marble altar of Elyvilon.
 11527 | D:3      | Found a basalt altar of Yredelemnul.
 11993 | D:8      | Reached skill level 10 in Dodging
 12135 | Orc:1    | Entered Level 1 of the Orcish Mines
 12291 | Orc:1    | Reached XP level 13. HP: 98/98 MP: 20/23
 12308 | Orc:1    | Found Serri's Book Shoppe.
 12442 | Orc:2    | Entered Level 2 of the Orcish Mines
 13497 | Orc:2    | Found Iceapy's Weapon Shoppe.
 13497 | Orc:2    | Found Nourhoudu's Armour Shoppe.
 13501 | Orc:2    | Found Xuang's Antique Armour Emporium.
 13503 | Orc:2    | Found Sousizix's Armour Emporium.
 13693 | Orc:2    | Reached skill level 10 in Polearms
 13797 | Orc:2    | Found a staircase to the Elven Halls.
 13981 | Orc:2    | Noticed Urug
 13997 | Orc:2    | Killed Urug
 14198 | Orc:2    | Found Kekits's Armour Shop.
 14492 | Orc:2    | Learned a level 2 spell: Poisonous Vapours
 14586 | Orc:2    | Bought a dull robe for 182 gold pieces
 14586 | Orc:2    | Identified the +0 robe of the Barber Surgeon {Int-5 Slay+2
                  | Stlth+} (You bought it in a shop on level 2 of the Orcish
                  | Mines)
 14627 | Orc:2    | Bought a +0 cloak of willpower for 149 gold pieces
 14674 | Orc:1    | Noticed an orc warlord
 14729 | Orc:2    | Reached skill level 5 in Long Blades
 15161 | Orc:1    | Killed an orc warlord
 15161 | Orc:1    | Received a gift from Okawaru
 15162 | Orc:1    | Reached skill level 1 in Poison Magic
 15350 | Orc:2    | Bought a polished ring mail for 288 gold pieces
 15350 | Orc:2    | Identified the +0 ring mail of the Purple Skies {Dex+3}
                  | (You bought it in a shop on level 2 of the Orcish Mines)
 15350 | Orc:2    | Bought a faintly glowing ring mail for 288 gold pieces
 15350 | Orc:2    | Identified the +5 ring mail of Limited Liability {rN+ Int+3
                  | Dex+3} (You bought it in a shop on level 2 of the Orcish
                  | Mines)
 15408 | Lair:1   | Entered Level 1 of the Lair of Beasts
 15581 | Lair:1   | Reached skill level 10 in Ice Magic
 16021 | Lair:1   | Identified the +2 pair of gloves of the Past {Contam rC+
                  | Slay+3} (Okawaru gifted it to you on level 1 of the Lair of
                  | Beasts)
 16021 | Lair:1   | Received a gift from Okawaru
 16352 | Lair:2   | Found a gate leading to a gauntlet.
 16360 | Gauntlet | Entered a Gauntlet
 16360 | Gauntlet | Noticed a blizzard demon
 16360 | Gauntlet | Found a transporter.
 16406 | Gauntlet | Found a transporter.
 16423 | Gauntlet | Found a transporter.
 16426 | Gauntlet | Found a transporter.
 16444 | Gauntlet | Found a transporter.
 16457 | Gauntlet | Found a transporter.
 16462 | Gauntlet | Found a transporter.
 16466 | Gauntlet | Found a transporter.
 16494 | Gauntlet | Found a transporter.
 16495 | Gauntlet | Found a transporter.
 16499 | Gauntlet | Found a transporter.
 16519 | Gauntlet | Found a transporter.
 16619 | Gauntlet | Reached XP level 14. HP: 41/106 MP: 19/25
 16683 | Gauntlet | Learned a level 3 spell: Mephitic Cloud
 16686 | Gauntlet | Identified the ring of the Ladybird {rC+ MP+9 AC+4 Dex+2}
 16693 | Gauntlet | Reached ****** piety under Okawaru
 16695 | Gauntlet | Reached skill level 5 in Throwing
 16746 | Gauntlet | Identified the +12 plate armour of the Comet {Int+3}
 16965 | Lair:2   | Identified the +1 leather armour "Cojadiot" {Str+3 SInv}
 17102 | Lair:2   | Noticed Fannar
 17126 | Lair:2   | Killed Fannar
 17451 | Lair:2   | Found a staircase to the Swamp.
 17642 | Lair:2   | Found a radiant altar of Vehumet.
 18000 | Lair:3   | Found a hole to the Spider Nest.
 18272 | Lair:3   | Received a gift from Okawaru
 19255 | Lair:4   | Received a gift from Okawaru
 19476 | Lair:4   | Reached skill level 11 in Ice Magic
 19707 | Lair:4   | Received a gift from Okawaru
 20136 | Lair:4   | Found a runed translucent door.
 20136 | Lair:4   | Found a viscous altar of Jiyva.
 20136 | Lair:4   | Noticed an azure jelly
 20137 | Lair:4   | Found a staircase to the Slime Pits.
 20137 | Lair:4   | Noticed an azure jelly
 20137 | Lair:4   | Noticed an azure jelly
 20137 | Lair:4   | Noticed an azure jelly
 20449 | Lair:5   | Entered Level 5 of the Lair of Beasts
 20511 | Lair:4   | Reached skill level 10 in Fighting
 20615 | Lair:5   | Identified the +1 robe "Mefuedec" {+Inv rF+ Will-} (Okawaru
                  | gifted it to you on level 5 of the Lair of Beasts)
 20615 | Lair:5   | Received a gift from Okawaru
 20639 | Lair:5   | Reached skill level 5 in Poison Magic
 20963 | Lair:5   | Reached XP level 15. HP: 115/115 MP: 24/27
 21946 | Lair:5   | Noticed Sonja
 21949 | Lair:5   | Killed Sonja
 22183 | Lair:5   | Received a gift from Okawaru
 22380 | Lair:5   | Found a burning altar of Makhleb.
 22414 | Lair:5   | Found a gateway to Hell.
 22445 | Lair:5   | Identified the +5 halberd of Somewhere Else {chaos, rF+}
 22620 | Lair:5   | Received a gift from Okawaru
 22744 | Lair:5   | Reached skill level 12 in Ice Magic
 23124 | D:12     | Learned a level 4 spell: Olgreb's Toxic Radiance
 23758 | D:12     | Identified a scroll of acquirement
 23763 | D:12     | Acquired 842 gold pieces
 24232 | D:13     | Found Koomyp's Weapon Shoppe.
 24256 | D:13     | Found Cisked's Assorted Antiques.
 24329 | D:13     | Found Osipoos's General Store.
 24332 | D:13     | Found Zovedib's Assorted Antiques.
 24396 | D:13     | Found Jethyun's Magic Scroll Boutique.
 24401 | D:13     | Bought a scroll of enchant armour for 127 gold pieces
 24411 | D:13     | Noticed Erolcha
 24428 | D:13     | Killed Erolcha
 24900 | D:14     | Reached XP level 16. HP: 84/125 MP: 29/29
 24941 | D:14     | Identified the ring of the Tempest {rElec rPois Str+2
                  | Stlth+}
 25309 | D:14     | Found a gateway to a bazaar.
 25316 | Bazaar   | Entered a bazaar
 25316 | Bazaar   | Found Hacumil's Armour Shop.
 25341 | Bazaar   | Found Yxatymm's Distillery.
 25352 | Bazaar   | Found Funy's Book Shoppe.
 25375 | Bazaar   | Found Icaydaack's General Store.
 25381 | Bazaar   | Bought a potion of curing for 36 gold pieces
 25396 | Bazaar   | Bought a potion of haste for 180 gold pieces
 25396 | Bazaar   | Bought a potion of lignification for 54 gold pieces
 25396 | Bazaar   | Bought a potion of curing for 54 gold pieces
 25729 | D:15     | Entered Level 15 of the Dungeon
 25747 | D:15     | Found a staircase to the Depths.
 25822 | D:15     | Identified the +7 hand axe "Tuer" {venom, Dex+2 Stlth+}
 25949 | D:15     | Received a gift from Okawaru
 26073 | D:15     | Learned a level 5 spell: Freezing Cloud
 26609 | Spider:1 | Entered Level 1 of the Spider Nest
 27151 | Spider:1 | Noticed Josephine
 27180 | Spider:1 | Killed Josephine
 27451 | Spider:1 | Reached skill level 10 in Invocations
 27584 | Spider:1 | Reached skill level 10 in Spellcasting
 28013 | Spider:1 | Received a gift from Okawaru
 28294 | Spider:2 | Reached skill level 10 in Long Blades
 28417 | Spider:2 | Reached skill level 5 in Stealth
 28700 | Spider:2 | Noticed Luivetop's ghost (journeyman DgIE)
 28917 | Spider:2 | Found a transporter.
 29100 | Spider:2 | Identified the +1 helmet of Optimism {+Blink SInv} (Okawaru
                  | gifted it to you on level 2 of the Spider Nest)
 29100 | Spider:2 | Received a gift from Okawaru
 29612 | Spider:2 | Found a transporter.
 30311 | Spider:3 | Reached XP level 17. HP: 133/133 MP: 31/31
 30434 | Spider:3 | Found a frozen archway.
 30458 | IceCv    | Entered an ice cave
 30543 | IceCv    | Reached skill level 13 in Ice Magic
 30775 | IceCv    | Identified the ring of the Raven {Wiz rC+}
 31024 | IceCv    | Identified the amulet "Attuwum" {Faith Rampage rF- rC+}
 31029 | IceCv    | Identified the ring of Daepsyt {rElec rF+ Dex+5 SInv
                  | Stlth+}
 31033 | IceCv    | Identified the ring of Iteblogg {rPois rF+ Int-4 Dex+9
                  | Slay-3}
 31068 | IceCv    | Got the Volume of Graupel
 31248 | Spider:3 | Received a gift from Okawaru
 31603 | Spider:3 | Learned a level 3 spell: Hailstorm
 31704 | Spider:3 | Reached skill level 1 in Shields
 31958 | Spider:4 | Entered Level 4 of the Spider Nest
 31982 | Spider:4 | Received a gift from Okawaru
 32271 | Spider:4 | Reached skill level 5 in Conjurations
 32422 | Spider:4 | Reached skill level 5 in Air Magic
 32518 | Spider:4 | Identified the +1 scale mail "Cobbo Uten" {Contam Dex+5
                  | Stlth+} (Okawaru gifted it to you on level 4 of the Spider
                  | Nest)
 32518 | Spider:4 | Received a gift from Okawaru
 32696 | Spider:3 | Reached skill level 15 in Dodging
 33230 | Spider:4 | Reached XP level 18. HP: 142/142 MP: 31/32
 34009 | Spider:4 | Got a gossamer rune of Zot
 34563 | Elf:1    | Entered Level 1 of the Elven Halls
 34648 | Elf:1    | Noticed Zenata
 34846 | Swamp:1  | Entered Level 1 of the Swamp
 35051 | Swamp:1  | Received a gift from Okawaru
 35264 | Swamp:1  | Received a gift from Okawaru
 35598 | Swamp:1  | Received a gift from Okawaru
 36123 | Swamp:2  | Noticed petzl's ghost (adept FoDe)
 36125 | Swamp:2  | Noticed a tentacled monstrosity
 36148 | Swamp:2  | Noticed a tentacled monstrosity
 36149 | Swamp:2  | Found a runed translucent gate.
 36150 | Swamp:2  | Found a runed translucent gate.
 36153 | Swamp:2  | Found a runed translucent gate.
 36360 | Swamp:2  | Found a hazy altar of Hepliaklqana.
 36671 | Swamp:2  | Reached skill level 14 in Ice Magic
 36924 | Swamp:3  | Noticed a tentacled monstrosity
 36947 | Swamp:3  | Killed a tentacled monstrosity
 37298 | Swamp:3  | Found a bloodstained altar of Trog.
 37326 | Swamp:3  | Acquired the amulet of the Chupacabra {Reflect Will+ SH+5}
 37440 | Swamp:3  | Reached XP level 19. HP: 146/149 MP: 33/33
 37632 | Swamp:4  | Entered Level 4 of the Swamp
 38106 | Swamp:4  | Identified the +2 pair of gloves "Kudoll" {rElec rC+ rN+}
                  | (Okawaru gifted it to you on level 4 of the Swamp)
 38106 | Swamp:4  | Received a gift from Okawaru
 38119 | Swamp:4  | Gained mutation: You are clumsy. (Dex -2) [mutagenic glow]
 38217 | Swamp:4  | Reached skill level 5 in Shields
 39059 | Swamp:4  | Got a decaying rune of Zot
 39159 | Swamp:4  | Noticed the 27-headed Lernaean hydra
 39169 | Swamp:4  | Killed the 22-headed Lernaean hydra
 39779 | D:13     | Found a gate to the Vaults.
 39856 | Vaults:1 | Entered Level 1 of the Vaults
 39951 | Vaults:1 | Found Xoucic's Antique Armour Shop.
 39965 | Vaults:1 | Bought a runed buckler for 210 gold pieces
 40466 | Vaults:1 | Found Kimoip's Antique Armour Emporium.
 40627 | Vaults:1 | Reached skill level 10 in Poison Magic
 41094 | Vaults:1 | Found Yhoptol's Jewellery Shoppe.
 41327 | Vaults:1 | Received a gift from Okawaru
 42177 | Vaults:1 | Found Ato Esmi's Jewellery Boutique.
 42201 | Vaults:1 | Found Fizajus's Armour Shop.
 42220 | Vaults:1 | Identified the +0 hat of the Slightly Bent {rCorr} (Okawaru
                  | gifted it to you on level 1 of the Vaults)
 42220 | Vaults:1 | Received a gift from Okawaru
 42457 | Vaults:1 | Reached XP level 20. HP: 129/159 MP: 34/34
 42792 | Vaults:2 | Noticed Aizul
 42804 | Vaults:2 | Killed Aizul
 43267 | Vaults:2 | Found a staircase to the Crypt.
 44290 | Vaults:2 | Reached skill level 15 in Ice Magic
 44455 | Vaults:2 | HP: 6/159 [deep troll[an ironbound preserver] (9)]
 45064 | Vaults:2 | Noticed Mara
 45065 | Vaults:2 | Noticed Lobster4's illusion
 45109 | Vaults:2 | Killed Mara
 45109 | Vaults:2 | Identified the +1 robe of Vlad {rF- Str+3 Dex+3} (Okawaru
                  | gifted it to you on level 2 of the Vaults)
 45109 | Vaults:2 | Received a gift from Okawaru
 46130 | Vaults:2 | Noticed Boris
 46147 | Vaults:2 | Killed Boris
 46917 | Vaults:3 | Reached XP level 21. HP: 152/166 MP: 33/35
 47090 | Vaults:3 | Identified the +1 animal skin of Freezing Music {rElec
                  | Regen+ Str+5 Dex-2} (Okawaru gifted it to you on level 3 of
                  | the Vaults)
 47090 | Vaults:3 | Received a gift from Okawaru
 48765 | Vaults:4 | Noticed Jory
 48814 | Vaults:4 | Found Kyxtas's Antique Weapon Shop.
 49095 | Vaults:4 | Killed Jory
 49184 | Vaults:4 | Reached skill level 15 in Fighting
 49497 | Vaults:4 | Identified the +0 robe of the Original Sin {Fly rElec rF-
                  | rC++} (Okawaru gifted it to you on level 4 of the Vaults)
 49497 | Vaults:4 | Received a gift from Okawaru
 50837 | Crypt:1  | Entered Level 1 of the Crypt
 50857 | Crypt:1  | Found an ancient bone altar of Kikubaaqudgha.
 51502 | Crypt:1  | Noticed Sojobo
 51642 | Vaults:2 | Killed Sojobo
 52246 | Crypt:1  | Reached skill level 16 in Ice Magic
 52287 | Vaults:2 | Reached XP level 22. HP: 79/161 MP: 37/37
 53403 | Crypt:2  | Noticed Vv
 53455 | Crypt:2  | Killed Vv
 53674 | Crypt:2  | Identified the ring "Tonuguse" {rC+ Will+}
 53695 | Crypt:2  | Noticed a dread lich
 53767 | Crypt:2  | Found a transporter.
 53767 | Crypt:2  | Found a transporter.
 53942 | Crypt:2  | Identified the +2 scale mail "Sihuejin" {rC- Int+3 Dex+2}
                  | (Okawaru gifted it to you on level 2 of the Crypt)
 53942 | Crypt:2  | Received a gift from Okawaru
 54588 | Crypt:3  | Entered Level 3 of the Crypt
 54600 | Crypt:3  | Identified the +10 trident of Vaavedog {heavy, Dex+4}
 55170 | Crypt:3  | Found an ancient bone altar of Kikubaaqudgha.
 55493 | Crypt:3  | Noticed Boris
 55506 | Crypt:3  | Killed Boris
 56602 | Crypt:3  | Found a staircase to the Tomb.
 57453 | Crypt:2  | Reached skill level 15 in Long Blades
 58289 | Crypt:3  | Noticed a profane servitor
 58331 | Crypt:3  | Killed a profane servitor
 58650 | Crypt:3  | Found a basalt altar of Yredelemnul.
 58658 | Crypt:3  | Found an ancient bone altar of Kikubaaqudgha.
 58733 | Crypt:3  | Identified the amulet "Qaumes" {Fly Regen+ Str+2 Int+5}
 58733 | Crypt:3  | Identified the ring of Megalomania {rF+ rN+ Str+3 SInv}
 58735 | Crypt:3  | Got Ode Axao's Parchment of the Nimbus
 59085 | D:9      | Identified the +2 dagger of Kepranlo {pain, rElec rPois rC-
                  | Dex+4}
 59181 | D:9      | Killed Airmonger's ghost
 59181 | D:9      | Identified the +0 scale mail "Kexkocyt" {-Tele rCorr Int+2
                  | Slay+3} (Okawaru gifted it to you on level 9 of the
                  | Dungeon)
 59181 | D:9      | Received a gift from Okawaru
 59472 | D:9      | Acquired 980 gold pieces
 60283 | Swamp:2  | Killed petzl's ghost
 60488 | Swamp:2  | Identified the +3 whip of Melee {heavy, rPois MP+9 SInv}
 60765 | Depths:1 | Entered Level 1 of the Depths
 60815 | Depths:1 | Paralysed by a floating eye for 3 turns
 60821 | D:15     | Paralysed by a floating eye for 2 turns
 61166 | Depths:1 | Reached XP level 23. HP: 172/183 MP: 38/38
 61398 | Depths:1 | Reached skill level 17 in Ice Magic
 61923 | Depths:1 | Reached skill level 15 in Invocations
 62734 | Depths:1 | Found an iron altar of Okawaru.
 62828 | Depths:1 | Found a one-way gate leading to the halls of Pandemonium.
 62879 | Depths:2 | Noticed Grunn
 62897 | Depths:2 | Killed Grunn
 62897 | Depths:2 | Received a gift from Okawaru
 62906 | Depths:2 | Reached skill level 10 in Armour
 63198 | Depths:2 | Found a runed translucent gate.
 63198 | Depths:2 | Found a runed translucent gate.
 63198 | Depths:2 | Found an ancient bone altar of Kikubaaqudgha.
 63198 | Depths:2 | Found a runed translucent gate.
 63198 | Depths:2 | Noticed an ancient lich
 63199 | Depths:2 | Noticed Doumn's ghost (veteran GnFi)
 63200 | Depths:2 | Noticed a dread lich
 63200 | Depths:2 | Noticed a dread lich
 64291 | Depths:2 | Identified the +6 war axe "Baliupeu" {drain, rF+}
 64592 | Depths:2 | Found an iron altar of Okawaru.
 64691 | Depths:2 | Found a one-way gateway to a ziggurat.
 65257 | Depths:3 | Found a one-way gate to the infinite horrors of the Abyss.
 65834 | Depths:3 | Reached skill level 18 in Ice Magic
 65919 | Depths:4 | Entered Level 4 of the Depths
 65968 | Depths:4 | Paralysed by a floating eye for 4 turns
 66031 | Depths:4 | Received a gift from Okawaru
 66048 | Depths:4 | Reached XP level 24. HP: 193/193 MP: 29/39
 66065 | Depths:4 | Noticed Louise
 66073 | Depths:4 | Killed Louise
 66102 | Depths:4 | Identified the +2 pair of boots "Veteopn" {Rampage rPois
                  | Regen+} (Okawaru gifted it to you on level 4 of the Depths)
 66102 | Depths:4 | Received a gift from Okawaru
 66132 | Depths:4 | Found a flickering gateway to a bazaar.
 66142 | Bazaar   | Entered a bazaar
 66248 | Bazaar   | Found Eniung's Antique Weapon Shoppe.
 66259 | Bazaar   | Found Kiexegre's Antique Weapon Emporium.
 66276 | Bazaar   | Found Vyje's Antique Armour Emporium.
 66287 | Bazaar   | Found Ruer Ulitz's Antique Armour Shoppe.
 66318 | Bazaar   | Bought a brightly glowing rapier for 225 gold pieces
 66318 | Bazaar   | Identified the +9 rapier of Wutuxile {heavy, rC+ Dex+4}
                  | (You bought it in a shop in a bazaar)
 66340 | Depths:4 | Noticed Xtahua
 66378 | Depths:4 | Killed Xtahua
 67536 | Depths:4 | Found a gate to the Realm of Zot.
 67536 | Depths:4 | Identified the +9 hand axe of Premature Burial {flame,
                  | *Noise Int+4}
 68703 | Orc:1    | Bought the Unrestrained Analects for 704 gold pieces
 68711 | Orc:1    | Learned a level 7 spell: Ozocubu's Refrigeration
 68830 | Elf:1    | Killed Zenata
 69046 | Elf:1    | Received a gift from Okawaru
 69435 | Elf:1    | Received a gift from Okawaru
 69649 | Elf:1    | Reached skill level 19 in Ice Magic
 70043 | Elf:1    | Identified the +2 pair of boots of Resilience {rCorr Dex+6}
                  | (Okawaru gifted it to you on level 1 of the Elven Halls)
 70043 | Elf:1    | Received a gift from Okawaru
 70671 | Elf:2    | Found Evof's Antique Armour Emporium.
 70874 | Elf:2    | Found a runed translucent gate.
 70874 | Elf:2    | Found a runed translucent gate.
 70880 | Elf:2    | Found a runed translucent gate.
 71415 | Elf:3    | Entered Level 3 of the Elven Halls
 72171 | Elf:3    | Noticed Saint Roka
 72194 | Elf:3    | Killed Saint Roka
 72432 | Elf:3    | Reached XP level 25. HP: 191/201 MP: 40/40
 72961 | Elf:3    | Reached skill level 5 in Evocations
 73020 | Elf:2    | Received a gift from Okawaru
 73400 | Elf:2    | Reached skill level 20 in Ice Magic
 74204 | Elf:3    | Identified the amulet "Gacahu" {Faith Regen+ Stlth+}
 74723 | Elf:3    | Identified the +9 morningstar "Ridghasche" {chaos, Fragile
                  | rN+++ Will+ Str+4}
 74723 | Elf:3    | Identified the ring "Puanem" {*Corrode MP+9 Str+5 Dex+3}
 74958 | Elf:3    | Got the Catalogue of Bewitchment
 75485 | Vaults:5 | Entered Level 5 of the Vaults
 75774 | Vaults:4 | Reached skill level 21 in Ice Magic
 76693 | Vaults:5 | Identified the +2 pair of boots "Keuf" {Regen+ Int+7 Dex-2}
                  | (Okawaru gifted it to you on level 5 of the Vaults)
 76693 | Vaults:5 | Received a gift from Okawaru
 76984 | Vaults:5 | Identified the amulet "Forelik" {Regen+ Dex+4}
 76991 | Vaults:5 | Identified the +8 quarterstaff of Wu Jian's Supremacy
                  | {pain, *Noise rF++ Dex-3 SInv}
 77447 | Vaults:5 | Reached skill level 22 in Ice Magic
 77847 | Vaults:5 | Reached XP level 26. HP: 207/213 MP: 40/40
 78050 | Vaults:5 | Identified the +6 whip "Yvviof" {drain, Int+2}
 78065 | Vaults:5 | Identified the +8 plate armour "Ummibune" {Dex+3}
 78286 | Vaults:5 | Identified the +2 robe of Trumpets {rElec}
 78459 | Vaults:5 | Got a silver rune of Zot
 78830 | Vaults:5 | Noticed an ancient lich
 78845 | Vaults:5 | Killed an ancient lich
 78863 | Vaults:5 | Noticed an ancient lich
 78889 | Vaults:5 | Killed an ancient lich
 78952 | Vaults:5 | Identified the +4 plate armour of Mirth {rElec rPois rCorr
                  | Dex-2}
 79147 | Vaults:5 | Got Ukhlygru's Commentary on the Wild Glacier
 79156 | Vaults:5 | Identified the +0 scale mail of the Nine Mice {rN++}
 79206 | Vaults:5 | Got the Papyrus of the Leaden Escort
 79248 | Vaults:5 | Noticed a dread lich
 79259 | Vaults:5 | Killed a dread lich
 79259 | Vaults:5 | Received a gift from Okawaru
 79260 | Vaults:5 | Reached skill level 23 in Ice Magic
 79465 | Vaults:5 | Identified the +5 great mace of Qergheiso {freeze, Dex+3}
 79895 | Zot:1    | Entered Level 1 of the Realm of Zot
 80732 | Zot:1    | Noticed an orb of fire
 81191 | Zot:1    | Learned a level 5 spell: Metabolic Englaciation
 81306 | Zot:1    | Noticed a Killer Klown
 81317 | Zot:1    | Reached skill level 1 in Hexes
 81335 | Zot:1    | Received a gift from Okawaru
 81360 | Zot:1    | Killed a Killer Klown
 81569 | Zot:1    | Reached skill level 24 in Ice Magic
 82435 | Zot:1    | Received a gift from Okawaru
 82936 | Zot:1    | Gained mutation: You are frail. (-10% HP) [an orb of fire]
 82950 | Zot:1    | Gained mutation: You are very clumsy. (Dex -4) [an orb of
                  | fire]
 82958 | Zot:1    | Killed an orb of fire
 83186 | Zot:1    | Noticed an orb of fire
 83190 | Zot:1    | Gained mutation: You are very frail. (-20% HP) [an orb of
                  | fire]
 83190 | Zot:1    | Gained mutation: Your magical capacity is low. (-10% MP)
                  | [an orb of fire]
 83212 | Zot:1    | Killed an orb of fire
 83213 | Zot:1    | Reached skill level 25 in Ice Magic
 84204 | Spider:2 | Reached XP level 27. HP: 89/179 MP: 1/36
 84592 | Spider:2 | Killed Luivetop's ghost
 84608 | Spider:2 | Got the Handbook of Topology
 84903 | D:13     | Bought a potion of mutation for 112 gold pieces
 84903 | D:13     | Bought a potion of berserk rage for 70 gold pieces
 84903 | D:13     | Bought a potion of cancellation for 112 gold pieces
 84903 | D:13     | Bought a potion of curing for 42 gold pieces
 85600 | Depths:4 | Lost mutation: Your magical capacity is low. (-10% MP)
                  | [potion of mutation]
 85600 | Depths:4 | Lost mutation: You are very clumsy. (Dex -4) [potion of
                  | mutation]
 85600 | Depths:4 | Gained mutation: You occasionally lose the ability to read
                  | scrolls when taking damage. [potion of mutation]
 85600 | Depths:4 | Gained mutation: You are extremely frail. (-30% HP) [potion
                  | of mutation]
 85600 | Depths:4 | Gained mutation: Your spells are a little harder to cast,
                  | but a little more powerful. [potion of mutation]
 85601 | Depths:4 | Lost mutation: You are extremely frail. (-30% HP) [potion
                  | of mutation]
 85601 | Depths:4 | Lost mutation: You are clumsy. (Dex -2) [potion of
                  | mutation]
 85601 | Depths:4 | Gained mutation: You have a pair of small horns on your
                  | head. [potion of mutation]
 85601 | Depths:4 | Lost mutation: You are very frail. (-20% HP) [potion of
                  | mutation]
 85602 | Depths:4 | Lost mutation: You have a pair of small horns on your head.
                  | [potion of mutation]
 85602 | Depths:4 | Lost mutation: You are frail. (-10% HP) [potion of
                  | mutation]
 85602 | Depths:4 | Gained mutation: Your magical capacity is low. (-10% MP)
                  | [potion of mutation]
 85602 | Depths:4 | Gained mutation: Your muscles are strong. (Str +4, Int/Dex
                  | -1) [potion of mutation]
 85602 | Depths:4 | Gained mutation: Your system is resistant to poisons.
                  | (rPois) [potion of mutation]
 85603 | Depths:4 | Lost mutation: Your spells are a little harder to cast, but
                  | a little more powerful. [potion of mutation]
 85603 | Depths:4 | Lost mutation: You occasionally lose the ability to read
                  | scrolls when taking damage. [potion of mutation]
 85603 | Depths:4 | Gained mutation: You occasionally shout uncontrollably at
                  | your foes. [potion of mutation]
 85603 | Depths:4 | Gained mutation: You occasionally lose the ability to read
                  | scrolls when taking damage. [potion of mutation]
 85603 | Depths:4 | Gained mutation: Your mind is acute. (Int +4, Str/Dex -1)
                  | [potion of mutation]
 85603 | Depths:4 | Gained mutation: Your mind is very acute. (Int +8, Str/Dex
                  | -2) [potion of mutation]
 85604 | Depths:4 | Lost mutation: Your muscles are strong. (Str +4, Int/Dex
                  | -1) [potion of mutation]
 85604 | Depths:4 | Lost mutation: Your magical capacity is low. (-10% MP)
                  | [potion of mutation]
 85604 | Depths:4 | Lost mutation: You occasionally lose the ability to read
                  | scrolls when taking damage. [potion of mutation]
 85604 | Depths:4 | Gained mutation: Your flesh is cold resistant. (rC+)
                  | [potion of mutation]
 85604 | Depths:4 | Gained mutation: You are robust. (+10% HP) [potion of
                  | mutation]
 87437 | Zot:2    | Upgraded the game from 0.30-a0-852-g08b95dd62f to
                  | 0.30-a0-857-gcaf70739d4
 88287 | Zot:3    | Learned a level 3 spell: Stone Arrow
 88567 | Zot:3    | Reached skill level 1 in Earth Magic
 88756 | Zot:3    | Received a gift from Okawaru
 89667 | Zot:4    | Reached skill level 26 in Ice Magic
 90176 | Zot:4    | Identified the +2 chain mail of Ruif {rCorr Dex+2}
 91410 | Zot:5    | Entered Level 5 of the Realm of Zot
 92797 | Zot:5    | Noticed an ancient lich
 92824 | Zot:5    | Killed an ancient lich
 93105 | Zot:5    | Noticed an orb of fire
 93106 | Zot:5    | Lost mutation: Your mind is very acute. (Int +8, Str/Dex
                  | -2) [an orb of fire]
 93110 | Zot:5    | Lost mutation: Your mind is acute. (Int +4, Str/Dex -1) [an
                  | orb of fire]
 93111 | Zot:5    | Gained mutation: Potions are less effective at restoring
                  | your health. [an orb of fire]
 93119 | Zot:5    | Gained mutation: Your magical capacity is low. (-10% MP)
                  | [an orb of fire]
 93125 | Zot:5    | Gained mutation: Your magical capacity is very low. (-20%
                  | MP) [an orb of fire]
 93131 | Zot:5    | Killed an orb of fire
 93131 | Zot:5    | Identified the +6 chain mail of Nusaadgh {rElec rF+ Will-}
                  | (Okawaru gifted it to you on level 5 of the Realm of Zot)
 93131 | Zot:5    | Received a gift from Okawaru
 94937 | Zot:5    | Reached skill level 10 in Conjurations
 95967 | Zot:5    | Noticed an ancient lich
 95978 | Zot:5    | Killed an ancient lich
 96168 | Zot:5    | Noticed an orb of fire
 96208 | Zot:5    | Noticed an ancient lich
 96235 | Zot:5    | Killed an ancient lich
 96552 | Zot:5    | Noticed an orb of fire
 96555 | Zot:5    | Gained mutation: You occasionally lose the ability to read
                  | scrolls when taking damage. [an orb of fire]
 96578 | Zot:5    | Killed an orb of fire
 96580 | Zot:5    | Lost mutation: Potions are less effective at restoring your
                  | health. [potion of mutation]
 96580 | Zot:5    | Lost mutation: You are robust. (+10% HP) [potion of
                  | mutation]
 96580 | Zot:5    | Lost mutation: Your magical capacity is very low. (-20% MP)
                  | [potion of mutation]
 96580 | Zot:5    | Gained mutation: Potions are less effective at restoring
                  | your health. [potion of mutation]
 96580 | Zot:5    | Gained mutation: You are partially covered in large bone
                  | plates. (SH +4) [potion of mutation]
 96581 | Zot:5    | Lost mutation: You occasionally lose the ability to read
                  | scrolls when taking damage. [potion of mutation]
 96581 | Zot:5    | Lost mutation: You occasionally shout uncontrollably at
                  | your foes. [potion of mutation]
 96581 | Zot:5    | Lost mutation: Your flesh is cold resistant. (rC+) [potion
                  | of mutation]
 96581 | Zot:5    | Gained mutation: You are strong-willed. (Will+) [potion of
                  | mutation]
 96581 | Zot:5    | Gained mutation: You have a pair of small antennae on your
                  | head. [potion of mutation]
 96581 | Zot:5    | Gained mutation: Your body sometimes deteriorates upon
                  | taking damage. [potion of mutation]
 96581 | Zot:5    | Gained mutation: Your spells are a little harder to cast,
                  | but a little more powerful. [potion of mutation]
 96582 | Zot:5    | Lost mutation: You are partially covered in large bone
                  | plates. (SH +4) [potion of mutation]
 96582 | Zot:5    | Lost mutation: Your body sometimes deteriorates upon taking
                  | damage. [potion of mutation]
 96582 | Zot:5    | Gained mutation: You are robust. (+10% HP) [potion of
                  | mutation]
 96691 | Zot:5    | Noticed an orb of fire
 96693 | Zot:5    | Gained mutation: You are agile. (Dex +4, Str/Int -1) [an
                  | orb of fire]
 96707 | Zot:5    | Gained mutation: Your magical capacity is very low. (-20%
                  | MP) [an orb of fire]
 96707 | Zot:5    | Noticed an orb of fire
 96710 | Zot:5    | Noticed a dread lich
 96711 | Zot:5    | Killed an orb of fire
 96716 | Zot:5    | Gained mutation: Potions cannot restore your health. [an
                  | orb of fire]
 96717 | Zot:5    | Noticed an ancient lich
 96721 | Zot:5    | Noticed an orb of fire
 96728 | Zot:5    | Gained mutation: You are dopey. (Int -2) [an orb of fire]
 96734 | Zot:5    | Gained mutation: Your body sometimes deteriorates upon
                  | taking damage. [an orb of fire]
 96738 | Zot:5    | Killed an orb of fire
 96739 | Zot:5    | Lost mutation: You are robust. (+10% HP) [an orb of fire]
 96743 | Zot:5    | Lost mutation: Your spells are a little harder to cast, but
                  | a little more powerful. [an orb of fire]
 96749 | Zot:5    | Gained mutation: Your magical capacity is extremely low.
                  | (-30% MP) [an orb of fire]
 96752 | Zot:5    | Killed an orb of fire
 96753 | Zot:5    | Reached skill level 27 in Ice Magic
 97175 | Zot:5    | Gained mutation: Your spells are a little easier to cast,
                  | but a little less powerful. [an orb of fire]
 97186 | Zot:5    | Killed an orb of fire
 97306 | Zot:5    | Killed a dread lich
 97764 | Zot:5    | Received a gift from Okawaru
 97778 | Zot:5    | Received a gift from Okawaru
 97801 | Zot:5    | Killed an ancient lich
 98285 | Zot:5    | Got the Orb of Zot
 98304 | Zot:4    | Noticed a seraph
 98544 | D:12     | Lost mutation: Your magical capacity is extremely low.
                  | (-30% MP) [potion of mutation]
 98544 | D:12     | Lost mutation: You are dopey. (Int -2) [potion of mutation]
 98544 | D:12     | Gained mutation: You are dopey. (Int -2) [potion of
                  | mutation]
 98544 | D:12     | Lost mutation: Your spells are a little easier to cast, but
                  | a little less powerful. [potion of mutation]
 98544 | D:12     | Gained mutation: You passively map a small area around you.
                  | [potion of mutation]
 98545 | D:12     | Lost mutation: You passively map a small area around you.
                  | [potion of mutation]
 98545 | D:12     | Lost mutation: Potions cannot restore your health. [potion
                  | of mutation]
 98545 | D:12     | Gained mutation: You are highly strong-willed. (Will++)
                  | [potion of mutation]
 98597 | D:12     | Noticed Laishoa the pandemonium lord
 99034 | D:$      | Escaped with the Orb!

Illustrated notes

Levels and vault maps discovered:
D:1:      lemuel_arrival_river_ford, layout_rooms, minmay_heptomino_l4
D:2:      layout_rooms, serial_bayou, serial_bayou_pond_e, serial_bayou_pond_b,
          serial_bayou_crossing, serial_bayou_shore_a
D:3:      layout_rooms, kennysheep_ying_yang, nicolae_half_adder, uniq_sigmund,
          uniq_grinder
D:4:      layout_rooms, minmay_misc_feat_five, minivault_23
D:5:      layout_basic, mainiacjoe_overflow_chevrons, grunt_ministairs_7,
          minmay_liquid_box, nicolae_shop_overcharged_wands, uniq_duvessa
D:6:      layout_cave_pods, minmay_temple_entry_glass
D:7:      layout_rooms, serial_shops, nicolae_diamond_shop, enter_bailey_5,
          uniq_crazy_yiuf_cottage
D:8:      layout_layer_cave, kennysheep_mini, old_standard_altar,
          lemuel_round_altar
D:9:      layout_roguey, mainiacjoe_overflow_paths, nicolae_overflow_squiral,
          ebering_ghost_disaster_area, dilly_guarded_unrand_morg
D:10:     layout_irregular_city, nicolae_qazlal_scattered_showers
D:11:     layout_roguey, dpeg_oklobed_lair, zombieorc2_lemuel, serial_shops,
          nicolae_square_shop
D:12:     layout_stronghold
D:13:     layout_big_octagon, ximxim_vaults_locker_room, serial_shops,
          nicolae_shop_bloodbath_and_beyond, nicolae_shop_hallway_plus, shop,
          shop, shop, minmay_misc_feat_nine_boxes, minmay_protected_statue,
          uniq_erolcha
D:14:     layout_loops_ring, grunt_decor_cap, serial_shops, bzr_entry_road,
          lemuel_freeze_loot_1
D:15:     grunt_enter_depths_giant_problem, layout_loops_cross
Temple:   nicolae_temple_no_exploring_needed
Lair:1:   layout_loops_ring
Lair:2:   layout_roguey, palyth_hydra_swamp_entry, gauntlet_entry_generic,
          lemuel_centaur_altar, uniq_fannar
Lair:3:   layout_long_grid, hellmonk_spider_entry_not_the_bees,
          grunt_megastairs_5
Lair:4:   layout_long_grid, slime_entry_2, lemuel_fruit_fields,
          serial_bayou_shore_b
Lair:5:   evil_forest, layout_cave_shapes, grunt_megastairs_1, uniq_sonja
Swamp:1:  nicolae_swamp_flooded_prison, layout_basic_swamp,
          evilmike_swamp_ruin_house_6, swamp_pool5
Swamp:2:  layout_falls_marsh, gammafunk_ghost_split, lemuel_altar_in_water,
          swamp_pool4
Swamp:3:  layout_basic_swamp, nicolae_swamp_godswood, infiniplex_staircase_pool
Swamp:4:  swamp_old_school, layout_basic_swamp, swamp_pool5,
          roderic_carrion_pond
Spider:1: layout_spider_delve, hellmonk_deceptive_appearances, uniq_josephine
Spider:2: layout_chambers, gammafunk_ghost_arena, drop_trap
Spider:3: layout_spider_delve, portal_ice_cave_entry_ice_simulacra, drop_trap,
          einodemon_crawler_minivault
Spider:4: hellmonk_spider_rune_bug_friends
Orc:1:    layout_caves, serial_shops, nicolae_shop_stone
Orc:2:    st_orc_mages, layout_caves, serial_shops, shop, mines4_lemuel,
          uniq_urug
Elf:1:    eino_elf_arrival_sip, layout_gridlike, minmay_elf_demonology,
          hangedman_elven_ridges, uniq_zenata
Elf:2:    elven_hall_of_blades_hangedman_original [mumra_blade_entry_dagger],
          layout_geoelf_octagon, serial_shops, nicolae_stop_n_shop_1,
          lemuel_flamethrower_hall
Elf:3:    minmay_elf_hall_circle, layout_geoelf_grid, kb_rosetta,
          uniq_saint_roka
Vaults:1: nicolae_vaults_quadrants, nicolae_vaults_theta,
          nicolae_vaults_twisting_passages, grunt_vaults_twisty,
          vaults_standard_mumra_lines, nicolae_vaults_inception_corners,
          v_misc_32, nicolae_vaults_triangles, layout_vaults_omnibox,
          serial_shops, nicolae_shop_trees, shop, shop, shop_fountains, shop
Vaults:2: nicolae_vaults_stairing_the_circle, vaults_dpeg_spiral, v_misc_11,
          minmay_crypt_entry_simple_walls, ontoclasm_vaults_chip,
          nicolae_vaults_big_ls, nicolae_vaults_holding_cells,
          nicolae_vaults_windows_and_doors_thing, vaults_room_fours,
          nicolae_vaults_diagonal_hallway_8, nicolae_vaults_specimen_jars,
          grunt_vaults_hallway_short, layout_vaults_omnicross, uniq_aizul,
          uniq_mara, uniq_boris
Vaults:3: nicolae_vaults_arrows, vaults_room_door_ring, v_misc_18,
          vaults_room_guarded_vault, nicolae_vaults_alarming,
          layout_vaults_omnigrid
Vaults:4: st_octagons_1, vaults_room_corners, nicolae_vaults_circle_grid_a,
          grunt_vaults_trifunnel, v_misc_14, vaults_room_corners,
          nicolae_vaults_diagonal_hallway_9, vaults_mumra_lcd,
          dpeg_vaults_monster_box, vaults_room_semicircle,
          layout_vaults_big_room, serial_shops, shop_statue, uniq_jory
Vaults:5
Crypt:1:  layout_chaotic_city, basic_altar, uniq_sojobo
Crypt:2:  gammafunk_the_bubble [the_bubble_gammafunk_split],
          layout_chaotic_city, minmay_guarded_unrand_curses, uniq_vv
Crypt:3:  lightli_unholy_cathedral, layout_chaotic_city,
          tomb_entry_shell_bobbens, basic_altar, serial_sigils_hangedman_shear,
          skrybe_necro_troll_2
Depths:1: layout_cave_pools, hell_entry, grunt_pan_entry_spiral,
          serial_bayou_pond_d, drop_trap, okawaru_gym_becter, firewood_loft
Depths:2: evilmike_iron_armoury, layout_gridlike, enter_ziggurat_f,
          kennysheep_big_empty_room, grunt_hell_entry_dis_grunt,
          gammafunk_ghost_crypt, grunt_pan_entry_sceptre, uniq_grunn
Depths:3: cheibrodos_lost_city_excavation, layout_cave_pools, abyss_entry,
          hell_entry, nicolae_elevator_lobby_plus, corexii_leaking_fountain
Depths:4: grunt_zot_entry_tricorne, layout_gridlike, pf_hell_entry_tar_river,
          nicolae_abyss_entry_one_way_or_another, rand_demon_pan_entry_7,
          serial_shops, bzr_entry_customers, uniq_xtahua
Zot:1:    grunt_deathspiral_small, layout_cathedral_of_symmetry, st_stairs_14
Zot:2:    layout_gridlike
Zot:3:    layout_misc_corridors
Zot:4:    lemuel_draconian_sentries_small, layout_gridlike, grunt_megastairs_3
Zot:5:    layout_misc_corridors

Skill      XL: |  1  2  3  4  5  6  7  8  9 10 11 12 13 14 15 16 17 18 19 20 21 22 23 24 25 26 27 |
---------------+----------------------------------------------------------------------------------+-----
Dodging        | 3 4 5 6 8 9 10 11 12 13 14 15 16 17 18 19 20 22 | 22.4
Polearms       | 1 2 3 4 6 7 9 10 | 10.0
Fighting       | 1 2 3 4 6 7 8 10 11 12 13 14 15 16 17 18 20 21 | 21.7
Stealth        | 3 5 7 8 9 |  9.0
Armour         | 1 2 3 4 5 6 7 8 9 10 | 10.0
Ice Magic      | 5 6 7 9 10 11 12 13 14 15 16 18 19 22 25 27 | 27.0
Throwing       | 1 2 3 4 5 6 |  6.0
Spellcasting   | 3 4 5 6 7 8 9 10 11 12 13 | 13.0
Evocations     | 1 2 3 4 6 |  6.0
Transmutations | 2 4 5 6 8 |  8.0
Invocations    | 2 3 4 5 6 8 9 10 11 12 13 14 15 | 15.0
Ranged Weapons | 1 |  1.0
Conjurations   | 1 3 4 5 6 7 8 9 10 | 10.0
Air Magic      | 1 3 4 5 6 7 8 9 |  9.0
Long Blades    | 3 5 7 9 10 11 12 13 14 15 16 17 | 17.0
Poison Magic   | 2 5 6 8 9 10 12 | 12.0
Shields        | 2 4 6 7 8 |  8.0
Hexes          | 3 |  3.0
Earth Magic    | 4 |  4.0

Action                     |  1- 3 |  4- 6 |  7- 9 | 10-12 | 13-15 | 16-18 | 19-21 | 22-24 | 25-27 || total
---------------------------+-------+-------+-------+-------+-------+-------+-------+-------+-------++-------
  Melee: Spear             |    87 |   166 |   241 |    12 |       |       |       |       |       ||   506
         Punch             |     2 |     1 |     2 |     6 |    19 |    11 |       |       |       ||    41
         Unarmed           |     1 |       |       |       |       |       |       |       |       ||     1
         Tailslap          |     1 |       |     2 |       |       |    40 |    11 |     7 |       ||    61
         Headbutt          |       |       |    11 |    29 |    12 |     6 |     3 |    19 |       ||    80
         Trident           |       |       |       |   303 |   880 |       |       |       |       ||  1183
         Double sword      |       |       |       |       |   190 |   885 |  1134 |  1720 |  1762 ||  5691
         Demon trident     |       |       |       |       |       |    14 |     1 |    56 |     7 ||    78
  Throw: Dart              |       |     5 |    33 |    64 |   167 |    18 |     2 |     9 |     6 ||   304
         Boomerang         |       |       |     7 |     6 |     8 |       |       |       |       ||    21
         Javelin           |       |       |       |     2 |     3 |    13 |     4 |    20 |    67 ||   109
   Cast: Freeze            |     1 |     7 |       |     4 |    20 |     2 |       |       |       ||    34
         Frozen Ramparts   |       |     1 |    19 |    46 |   107 |    62 |    82 |    69 |    73 ||   459
         Ozocubu's Armour  |       |     1 |    16 |    46 |    90 |    77 |    96 |   137 |   162 ||   625
         Beastly Appendage |       |       |     8 |    17 |     3 |     2 |     1 |     3 |       ||    34
         Wereblood         |       |       |     3 |    22 |    26 |    34 |    22 |    62 |    41 ||   210
         Shock             |       |       |       |     5 |    12 |    41 |   131 |   192 |    44 ||   425
         Poisonous Vapours |       |       |       |       |   131 |   221 |   154 |   168 |   231 ||   905
         Mephitic Cloud    |       |       |       |       |     3 |     4 |       |     1 |       ||     8
         Olgreb's Toxic Ra |       |       |       |       |       |    49 |    66 |    60 |    63 ||   238
         Freezing Cloud    |       |       |       |       |       |     7 |    40 |    30 |    99 ||   176
         Hailstorm         |       |       |       |       |       |     4 |     2 |     2 |    13 ||    21
         Ozocubu's Refrige |       |       |       |       |       |       |       |    29 |    62 ||    91
         Metabolic Englaci |       |       |       |       |       |       |       |       |     1 ||     1
         Stone Arrow       |       |       |       |       |       |       |       |       |     6 ||     6
 Invoke: Heroism           |       |       |       |       |       |     2 |     4 |     2 |     6 ||    14
         Finesse           |       |       |       |       |       |       |     3 |     2 |     7 ||    12
  Evoke: Wand              |       |       |     2 |     2 |    11 |    21 |     4 |     3 |     2 ||    45
         Phial of floods   |       |       |       |       |     1 |       |       |       |       ||     1
         Lightning rod     |       |       |       |       |     4 |     2 |     6 |       |       ||    12
         Tin of tremorston |       |       |       |       |       |       |       |       |     2 ||     2
    Use: Scroll            |       |     5 |     7 |    13 |    10 |     7 |     4 |    10 |    27 ||    83
         Potion            |       |       |     1 |     1 |     1 |     8 |     8 |       |    29 ||    48
   Stab: Sleeping          |     5 |     4 |     1 |     1 |     6 |     5 |     9 |    11 |     2 ||    44
         Distracted        |       |       |     2 |     2 |     2 |     1 |     1 |     4 |     2 ||    14
         Petrified         |       |       |       |       |     6 |       |       |       |       ||     6
         Confused          |       |       |       |       |     2 |     1 |       |       |       ||     3
         Paralysed         |       |       |       |       |       |     5 |       |       |       ||     5
 Armour: Robe              |     6 |    20 |    59 |    74 |   237 |   401 |   418 |   187 |       ||  1402
         Ring mail         |       |       |       |    18 |   115 |    96 |    83 |   380 |   464 ||  1156
         Leather armour    |       |       |       |       |       |    72 |       |       |       ||    72
         Fire dragon scale |       |       |       |       |       |       |       |       |   334 ||   334
  Dodge: Dodged            |    34 |    65 |   110 |   189 |  1006 |  1291 |  1037 |  1066 |  1475 ||  6273
  Block: Buckler           |       |       |       |       |       |    64 |   889 |  1128 |  1364 ||  3445
         Reflection        |       |       |       |       |       |       |    48 |    41 |    36 ||   125

Table legend: (Time is in decaauts)
 A = Elapsed time spent in this place.
 B = Non-inter-level travel time spent in this place.
 C = Inter-level travel time spent in this place.
 D = Time resting spent in this place.
 E = Time spent auto-exploring this place.
 F = Levels seen in this place.
 G = Mean time per level.
                   A        B        C        D        E       F      G
               +--------+--------+--------+--------+--------+-----+--------+
         Total |  97202 |  89271 |   7931 |  21400 |  45240 |  56 | 1735.8 |
       Dungeon |  17846 |  15054 |   2792 |   1054 |  10672 |  15 | 1189.7 |
        Temple |     13 |      7 |      6 |      0 |      0 |   1 |   13.0 |
          Lair |   8106 |   6826 |   1280 |    439 |   4790 |   5 | 1621.2 |
         Swamp |   4607 |   4451 |    156 |    923 |   2093 |   4 | 1151.8 |
   Spider Nest |   8041 |   7215 |    826 |   1426 |   3867 |   4 | 2010.2 |
  Orcish Mines |   3532 |   2945 |    587 |    678 |   1093 |   2 | 1766.0 |
   Elven Halls |   6365 |   6114 |    251 |   1307 |   3121 |   3 | 2121.7 |
        Vaults |  17011 |  16123 |    888 |   5665 |   7128 |   5 | 3402.2 |
         Crypt |   6368 |   6237 |    131 |   1907 |   2552 |   3 | 2122.7 |
        Depths |   7959 |   7249 |    710 |   1110 |   4362 |   4 | 1989.8 |
           Zot |  15284 |  14983 |    301 |   6366 |   5059 |   5 | 3056.8 |
        Bazaar |    286 |    286 |      0 |     97 |     70 |   2 |  143.0 |
        Bailey |    594 |    594 |      0 |     72 |    100 |   1 |  594.0 |
      Ice Cave |    686 |    686 |      0 |    268 |     88 |   1 |  686.0 |
      Gauntlet |    498 |    498 |      0 |     86 |    241 |   1 |  498.0 |
               +--------+--------+--------+--------+--------+-----+--------+

Top non-repeatable levels by time:
   Zot:5: 6269 daAuts
Vaults:2: 5102 daAuts
Vaults:4: 3707 daAuts
 Crypt:3: 3643 daAuts
   Zot:1: 3295 daAuts
Vaults:1: 3036 daAuts
Depths:4: 2996 daAuts
   Elf:3: 2759 daAuts
Vaults:3: 2689 daAuts
Spider:2: 2615 daAuts
Vaults:5: 2475 daAuts
   Zot:4: 2460 daAuts
  Lair:5: 2386 daAuts
   Orc:2: 2343 daAuts
Depths:2: 2227 daAuts
